AoeStats
← Geosim

Arena

507775719Analyzed
3v3 RM · 12d ago on Sep 19, 2026· 46m 7s· 6 players
Game mode
Random Map
Map size
Normal (6 player)
Population
200
Speed
Normal
Resources
Standard
Victory
Conquest
Starting age
Dark Age
Ending age
Imperial Age
RankedLock teamsTeams togetherTeam positionsShared explorationLock speedFull tech treeHidden civsTurbo modeCheats
Victory
Defeat
🇮🇹 Britons · Italy
1217
+15
🇮🇹 Italians · Italy
1213
+16
🇮🇹 Franks · Italy
1141
+18
🇹🇷 Italians · Türkiye
1238
-18
🇹🇷 Goths · Türkiye
1217
-17
🇹🇷 Bohemians · Türkiye
1152
-14
Maverick
10:54 Feudal Age
14:40 Castle Age
12:37 Double-Bit Axe
20:48 Wheelbarrow
26:34 Imperial Age
24:19 Scale Barding Armor
25:11 Forging
26:04 Chain Barding Armor
25:46 Husbandry
27:43 Iron Casting
29:01 Plate Barding Armor
29:27 Blast Furnace
28:46 Scale Mail Armor
29:20 Cavalier
29:39 Pikeman
30:19 Squires
32:55 Chain Mail Armor
36:56 Plate Mail Armor
36:16 Fletching
40:00 Bodkin Arrow
41:08 Chemistry
39:33 Elite Skirmisher
40:10 Paladin
41:56 Padded Archer Armor
44:57 Leather Archer Armor
Knightgenny_ITA
8:02 Loom
8:09 Loom
10:32 Feudal Age
12:15 Horse Collar
15:29 Castle Age
17:02 Double-Bit Axe
29:59 Imperial Age
27:10 Man-at-Arms
28:15 Scale Mail Armor
28:21 Long Swordsman
30:51 Forging
30:26 Two-Handed Swordsman
31:28 Squires
32:07 Gold Mining
33:57 Iron Casting
36:23 Champion
38:20 Wheelbarrow
42:03 Elite Longbowman
43:21 Chain Mail Armor
44:06 Blast Furnace
43:45 Fletching
43:56 Padded Archer Armor
46:58 Leather Archer Armor
Final_Tidus
9:35 Loom
11:36 Feudal Age
15:41 Castle Age
14:55 Double-Bit Axe
15:02 Gold Mining
19:35 Fletching
28:47 Imperial Age
27:31 Bodkin Arrow
27:37 Padded Archer Armor
27:57 Bow Saw
28:16 Elite Skirmisher
30:44 Chemistry
38:48 Elite Skirmisher
39:45 Bracer
40:02 Leather Archer Armor
40:56 Thumb Ring
42:54 Ring Archer Armor
44:02 Ballistics
45:09 Wheelbarrow
44:19 Town Watch
44:17 Horse Collar
45:41 Two-Man Saw
44:33 Stone Mining
M.S.
8:58 Loom
11:48 Feudal Age
17:13 Castle Age
15:55 Double-Bit Axe
15:51 Horse Collar
17:33 Wheelbarrow
19:18 Bow Saw
24:29 Heavy Plow
32:38 Imperial Age
32:14 Chemistry
31:27 Fortified Wall
32:10 Ballistics
32:04 Fortified Wall
32:47 Forging
32:37 Scale Mail Armor
32:39 Padded Archer Armor
32:29 Fletching
33:46 Elite Skirmisher
38:21 Siege Engineers
39:24 Leather Archer Armor
simirfan
0:28 Loom
11:37 Feudal Age
16:33 Castle Age
15:09 Horse Collar
15:51 Double-Bit Axe
16:26 Gold Mining
17:26 Man-at-Arms
23:22 Bow Saw
24:14 Heavy Plow
33:26 Imperial Age
31:09 Squires
30:58 Pikeman
31:00 Long Swordsman
32:42 Scale Mail Armor
33:26 Forging
34:13 Two-Handed Swordsman
35:11 Chain Mail Armor
35:32 Iron Casting
38:12 Champion
Geosim
11:41 Feudal Age
12:43 Double-Bit Axe
15:57 Castle Age
14:10 Horse Collar
14:59 Loom
15:51 Wheelbarrow
15:52 Gold Mining
17:15 Bow Saw
18:03 Heavy Plow
20:00 Town Watch
20:11 Stone Mining
24:10 Fortified Wall
24:12 Masonry
23:44 Treadmill Crane
26:10 Hand Cart
31:13 Imperial Age
28:49 Fletching
29:00 Padded Archer Armor
30:10 Ballistics
29:50 Murder Holes
29:55 Bodkin Arrow
30:37 Silk Road
31:21 Leather Archer Armor
32:16 Stone Shaft Mining
31:52 Caravan
32:23 Conscription
32:15 Thumb Ring
32:33 Bracer
33:23 Ring Archer Armor
34:24 Chemistry
34:33 Elite Genoese Crossbowman
36:51 Two-Man Saw
37:41 Pirotechnia
37:47 Crossbowman
39:17 Hoardings
38:07 Pikeman
38:48 Squires
38:33 Arson
40:15 Forging
40:05 Scale Mail Armor
42:23 Iron Casting
42:42 Chain Mail Armor
43:42 Light Cavalry
44:34 Bloodlines
44:25 Husbandry
44:31 Scale Barding Armor
45:27 Blast Furnace
Connection lost

Rejoining the realm…

Still unreachable

The connection could not be restored.

Session expired

The server has moved on; the page needs a fresh start.